 Dungeon Crawl Stone Soup version 0.30-a0-122-g2a1322497e (webtiles) character file.

Game seed: 15753121231937707121

15 Dreamer the Shield-Bearer (level 2, 24/24 HPs)
             Began as a Formicid Fighter on Sept 17, 2022.
             Quit the game on level 1 of the Dungeon.
             The game lasted 00:01:38 (647 turns).

Dreamer the Shield-Bearer (Formicid Fighter)         Turns: 647, Time: 00:01:38

Health: 24/24      AC:  6    Str: 20    XL:     2   Next: 65%
Magic:  2/2        EV:  9    Int:  7    God:
Gold:   15         SH:  5    Dex: 13    Spells: 1/1 levels left

rFire   . . .      SeeInvis +    a - +0 flail
rCold   . . .      Faith    .    c - +0 buckler
rNeg    . . .      Spirit   .    b - +0 scale mail
rPois   .          Reflect  .    (helmet unavailable)
rElec   .          Harm     .    (no cloak)
rCorr   .          Rampage  .    (no gloves)
Will    .....                    (no boots)
Stlth   ..........               (no amulet)
HPRegen 0.08/turn                (no ring)
MPRegen 0.08/turn                (no ring)

@: no status effects
A: permanent stasis, dig shafts and tunnels, antennae 3, four strong arms
a: Dig, Shaft Self


You were on level 1 of the Dungeon.
You visited 1 branch of the dungeon, and saw 1 of its levels.

You collected 15 gold pieces.

Inventory:

Hand Weapons
 a - a +0 flail (weapon)
Armour
 b - a +0 scale mail (worn)
 c - a +0 buckler (worn)
Potions
 d - a potion of might
 e - a potion of curing {unknown}


   Skills:
 + Level 3.3 Fighting
 * Level 2.4 Maces & Flails
 * Level 1.0 Ranged Weapons
 + Level 3.4 Armour
 + Level 4.1 Shields


You had one spell level left.
You didn't know any spells.
Your spell library was empty.

Dungeon Overview and Level Annotations

Branches:
Dungeon (1/15)

Altars:


Innate Abilities, Weirdness & Mutations

You cannot be hasted, slowed, berserked, paralysed or teleported.
You can dig through walls and to a lower floor.
You have a pair of large antennae on your head. (SInv)
Your four strong arms can wield two-handed weapons with a shield.


Message History

You kill the dart slug!
No target in view!
You see here a dart slug corpse.
You open the door.
Found 3 stones.
You now have 15 gold pieces.
As you open the door, it creaks loudly!
There is an open door here.
You sense a monster nearby.
A kobold comes into view. It is wielding a +0 whip.
The kobold shouts!
You hit the kobold.
The kobold is moderately wounded.
You block the kobold's attack. The kobold hits you but does no damage.
You closely miss the kobold. The kobold barely misses you.
You thump the kobold!
You kill the kobold!
Your Ranged Weapons skill increases to level 1!
No target in view!
Things that are here:
a +0 whip; 2 stones A kobold comes into view.
It is wielding a +0 short sword.
Found an orange potion.
The kobold hits you but does no damage.
You barely miss the kobold. The kobold hits you but does no damage.
You barely miss the kobold. The kobold barely misses you.
The kobold hits you with a +0 short sword.
You sock the kobold!
You kill the kobold!
Things that are here:
a +0 short sword; a kobold corpse
e - an orange potion
Press: ? - help, v - describe, . - travel, g - get item
Items here: a +0 whip; 2 stones.
The floor, spattered with blood.
Things that are here:
a +0 whip; 2 stones Unknown command.
Unknown command.
Are you sure you want to abandon this character and quit the game? (Confirm with "yes".)

#..........................
#.#####..################## #.#
#..# # #.# #..# ## #.# #..# #.
#######.# #..########### #.
#.......# #............# #.
#.###########.####.......#######.
#.# ..........@........#.......
#.# #########.###................
#.# #...# #.# #........#.......
#.# #.#.# #.# #........+....P.~
#.#.#.#.#####.###..#######.PPPP~P
#.#.#.#.##......#......PPP.~≈♣≈≈~
#.#.#.#.##.##.#.#...##~~PP~~≈♣~P~
..#.#.#.##..........#~.P~♣≈≈~P.P#
#.#.#.#.#####.#.##...PP~~≈≈♣PP~##


There were no monsters in sight!

Vanquished Creatures
  A dart slug (D:1)
  A goblin (D:1)
  2 hobgoblins (D:1)
  4 jackals (D:1)
  2 kobolds (D:1)
10 creatures vanquished.

Notes
Turn   | Place    | Note
-------+----------+-------------------------------------------
     0 | D:1      | Dreamer the Formicid Fighter began the quest for the Orb.
     0 | D:1      | Reached XP level 1. HP: 18/18 MP: 1/1
    68 | D:1      | Reached XP level 2. HP: 1/24 MP: 2/2
   518 | D:1      | Reached skill level 1 in Ranged Weapons
   647 | D:1      | Quit the game

Illustrated notes

Levels and vault maps discovered:
D:1:      mrwooster_arrival_statue, layout_basic, serial_bayou_lagoon_a

Skill      XL: |  1  2 |
---------------+-------+-----
Ranged Weapons | 1 |  1.0
Fighting       | |  3.3
Maces & Flails | |  2.4
Armour         | |  3.4
Shields        | |  4.1

Action                   || total
-------------------------++-------
Melee: Flail             ||    34
Armor: Scale mail        ||     8
Dodge: Dodged            ||    15
Block: Buckler           ||     7

Table legend: (Time is in decaauts)
 A = Elapsed time spent in this place.
 B = Non-inter-level travel time spent in this place.
 C = Inter-level travel time spent in this place.
 D = Time resting spent in this place.
 E = Time spent auto-exploring this place.
 F = Levels seen in this place.
 G = Mean time per level.
                   A        B        C        D        E       F      G
               +--------+--------+--------+--------+--------+-----+--------+
         Total |    658 |    658 |      0 |    273 |    296 |   1 |  658.0 |
       Dungeon |    658 |    658 |      0 |    273 |    296 |   1 |  658.0 |
               +--------+--------+--------+--------+--------+-----+--------+

Top non-repeatable levels by time:
     D:1: 658 daAuts
